 Dungeon Crawl Stone Soup version 0.21-a0 (webtiles) character file.

40345 Kriby the Thaumaturge (level 14, -3/90 HPs)
             Began as an Octopode Wizard on May 14, 2017.
             Was a High Priest of Vehumet.
             Slain by a demonic crawler (6 damage)
             ... on level 1 of the Spider Nest on May 19, 2017.
             The game lasted 02:00:43 (30472 turns).

Kriby the Thaumaturge (Octopode Wizard)            Turns: 30472, Time: 02:00:44

Health: -3/90      AC:  3    Str:  5    XL:     14   Next: 10%
Magic:  17/47      EV: 16    Int: 24    God:    Vehumet [*****.]
Gold:   514        SH:  6    Dex: 11    Spells: 6/35 levels left

rFire    + . .     SeeInvis .   i - +5 mace
rCold    . . .     Gourm    +   Z - +0 buckler {reflect}
rNeg     . . .     Faith    .   A - +2 hat
rPois    .         Spirit   .   e - amulet of the gourmand
rElec    .         Reflect  +   m - ring of protection from fire
rCorr    .         Harm     .   r - ring of magical power
MR       +....                  G - ring of wizardry
Stlth    +++.......             (no ring)
Regen    0.3/turn               M - ring of magical power
MPRegen  0.3/turn               (no ring)
                                (no ring)
                                (no ring)

@: lethally poisoned (-3 -> -37), hasted, very quick
A: almost no armour, stealthy swim, amphibious, 8 rings, constrict 8, camouflage
1, blink, weak 1, gelatinous body 1, subdued magic 1
a: Blink, Renounce Religion


You were on level 1 of the Spider Nest.
You worshipped Vehumet.
Vehumet was extremely pleased with you.
You were very full.

You visited 4 branches of the dungeon, and saw 18 of its levels.
You also visited: Volcano.

You collected 1414 gold pieces.
You spent 900 gold pieces at shops.

Inventory:

Hand Weapons
 i - a +5 mace (weapon)
Missiles
 P - 272 arrows
 Y - 13 tomahawks (quivered)
Armour
 A - a +2 hat (worn)
 Z - a +0 buckler of reflection (worn)
Jewellery
 e - an amulet of the gourmand (around mantle)
 m - a ring of protection from fire (left tentacle)
 r - a ring of magical power (right tentacle)
 G - a ring of wizardry (on tentacle)
 M - a ring of magical power (on tentacle)
Wands
 a - a wand of lightning (0/15)
 p - a wand of confusion (12/48)
 s - a wand of scattershot (7/9)
 y - a wand of disintegration (7/24)
 B - a wand of flame (28/48)
 D - a wand of digging (3/24)
 E - a wand of iceblast (10/15)
 F - a wand of confusion (30/48)
 H - a wand of flame (11/48)
 K - a wand of flame (19/48)
 L - a wand of acid (7/15)
 W - a wand of digging (4/24)
 X - a wand of lightning (9/15)
Scrolls
 d - a scroll of identify
 g - 2 scrolls of enchant weapon
 h - 9 scrolls of teleportation
 l - 17 scrolls of remove curse
 n - 4 scrolls of amnesia
 t - a scroll of noise
 u - 2 scrolls of recharging
 x - a scroll of vulnerability
 J - 3 scrolls of fog
 O - 3 scrolls of enchant armour
 T - a scroll of immolation
Potions
 j - a potion of brilliance
 o - a potion of flight
 q - 3 potions of mutation
 C - 2 potions of agility
 S - 3 potions of resistance
Books
 b - a book of Minor Magic

   Spells                             Type                      Level
   a - Magic Dart                     Conjuration                  1
   b - Blink                          Translocation                2
   c - Call Imp                       Summoning                    2
   d - Slow                           Hexes                        2
   e - Conjure Flame                  Conjuration/Fire             3
   f - Mephitic Cloud                 Conjuration/Poison/Air       3
 w - Sif Muna's Collected Works on Harmful Feathers
   (You found it on level 4 of the Dungeon)

   Spells                             Type                      Level
   a - Magic Dart                     Conjuration                  1
   b - Summon Lightning Spire         Summoning/Air                4
   c - Bolt of Cold                   Conjuration/Ice              6
   d - Freezing Cloud                 Conjuration/Ice/Air          6
 N - a book of Conjurations

   Spells                             Type                      Level
   a - Magic Dart                     Conjuration                  1
   b - Searing Ray                    Conjuration                  2
   c - Dazzling Spray                 Conjuration/Hexes            3
   d - Fulminant Prism                Conjuration/Hexes            4
   e - Force Lance                    Conjuration/Translocation    4
   f - Iskenderun's Mystic Blast      Conjuration                  4
 Q - a book of Cantrips

   Spells                             Type                      Level
   a - Confusing Touch                Hexes                        1
   b - Animate Skeleton               Necromancy                   1
   c - Summon Small Mammal            Summoning                    1
   d - Apportation                    Translocation                1
 V - a book of Power

   Spells                             Type                      Level
   a - Iskenderun's Battlesphere      Conjuration/Charms           5
   b - Venom Bolt                     Conjuration/Poison           5
   c - Bolt of Magma                  Conjuration/Fire/Earth       5
   d - Iron Shot                      Conjuration/Earth            6
   e - Orb of Destruction             Conjuration                  7
   f - Spellforged Servitor           Conjuration/Summoning        7
Comestibles
 c - 6 bread rations
 f - 25 fruits
 v - 5 meat rations


   Skills:
 - Level 6.5 Fighting
 - Level 7.0 Dodging
 - Level 3.0 Stealth
 - Level 9.0 Shields
 - Level 11.4 Spellcasting
 + Level 7.8 Conjurations
 - Level 10.0 Summonings
 - Level 1.0 Translocations
 - Level 10.2 Air Magic
 * Level 3.7 Poison Magic


You had 6 spell levels left.
You knew the following spells:

 Your Spells              Type           Power        Failure   Level  Hunger
a - Magic Dart            Conj           ####         1%          1    None
b - Conjure Flame         Conj/Fire      ###.....     1%          3    None
c - Call Imp              Summ           #####...     1%          2    None
d - Summon Lightning Spi  Summ/Air       #####...     1%          4    None
e - Bolt of Magma         Conj/Fire/Erth ###.......   4%          5    ####...
f - Airstrike             Air            #####.....   1%          4    None
g - Mephitic Cloud        Conj/Pois/Air  #####...     1%          3    None
h - Venom Bolt            Conj/Pois      ####......   1%          5    ####...
T - Blink                 Tloc           N/A          1%          2    None


Dungeon Overview and Level Annotations

Branches:
Dungeon (11/15)              Lair (6/6) D:11         Shoals (1/4) Lair:2
 Spider (1/4) Lair:2        Slime (0/5) Lair:5          Orc (0/2) D:11
 Temple: D:4-7

Altars:
Fedhas
Kikubaaqudgha
Okawaru
Qazlal
Vehumet
Jiyva

Shops:
D:7 :   D:8 *

Annotations:
D:4 Grinder
Lair:5 1 runed door, exclusions: door and 1 more exclusion
Shoals:1 Frances


Innate Abilities, Weirdness & Mutations

You cannot wear most types of armour.
You are very stealthy in the water. (Stealth+)
You are amphibious.
You can wear up to eight rings at the same time.
You can use your tentacles to constrict eight enemies at once.
Your skin changes colour to match your surroundings (Stealth+).
Your rubbery body absorbs attacks. (AC +1, EV +1)
You can translocate small distances at will.
You are weak. (Str -2)
Your spells are a little easier to cast, but a little less powerful.


Message History

The demonic crawler barely misses you. The demonic crawler misses you.
The demonic crawler barely misses you. The redback bites you.
Your lightning spire disappears in a puff of smoke!
The redback completely misses you. The redback closely misses you.
The demonic crawler hits you.
The demonic crawler closely misses you. x2
The redback bites you!
* * * LOW HITPOINT WARNING * * *
You are lethally poisoned!
The redback poisons you!
You feel yourself speed up.
* * * LOW HITPOINT WARNING * * *
You feel very sick. The demonic crawler barely misses you.
The demonic crawler completely misses you. x2
The redback bites you!
* * * LOW HITPOINT WARNING * * *
The demonic crawler hits you.
You die...

...# ###### ....#
##.#..## .....#
#......###....#
#....†..#....#
###...#@.......#
#....##ss......# ###
#...##.........#
#.###...#.....s....#
##......###.........#
#...†.....#.#.......#
##..##...######.....#
##...##### #.#...#
##....#.##########...#


You could see a demonic crawler, an orb spider and a redback.

Vanquished Creatures
  Rupert (Lair:5)
  A fire dragon (Lair:6)
  5 hydras
  A lindwurm (Lair:6)
  An orb spider (Lair:2)
  5 wolf spiders
  A faun (Lair:2)
  4 molten gargoyles
  An elephant (Lair:6)
  2 black mambas (Lair:6)
  3 spiny frogs
  5 komodo dragons
  A demonic crawler (Lair:2)
  A jumping spider (Spider:1)
  A merfolk (Lair:2)
  4 hippogriffs
  5 blink frogs
  4 redbacks (Spider:1)
  3 tarantellas
  A wyvern (Lair:2)
  A yak (Lair:6)
  A basilisk (Lair:6)
  2 hogs (Lair:2)
  Menkaure (D:5)
  A steam dragon (Lair:6)
  4 water moccasins
  3 porcupines
  A hell hound (Lair:6)
  A phantom (D:8)
  An ice beast (D:5)
  4 wolves (Lair:5)
  2 ogres
  A centaur (D:5)
  2 crocodiles
  Blork the orc (D:5)
  4 bullfrogs
  3 howler monkeys
  A crimson imp (D:5)
  A bullfrog zombie (D:8)
  5 lava snakes (Lair:6)
  2 hounds
  An orc priest (D:8)
  A centaur skeleton (D:4)
  6 orc wizards
  A bullfrog skeleton (D:5)
  A worker ant (D:3)
  3 hell rats
  A hound skeleton (D:9)
  9 adders
  5 oozes
  An adder skeleton (D:8)
  3 worms
  A dart slug (D:1)
  A leopard gecko (D:8)
  14 orcs
  5 bats
  3 giant cockroaches
  6 hobgoblins
  3 jackals
  3 ball pythons
  5 frilled lizards
  9 goblins
  8 kobolds
  3 leopard gecko skeletons (D:4)
  A leopard gecko zombie (D:7)
  5 rats
  2 fire vortices (Volcano)
193 creatures vanquished.

Vanquished Creatures (collateral kills)
  Gastronok (D:8)
  Kirke (Spider:1)
  Josephine (D:11)
  7 hydras
  A catoblepas (Lair:4)
  4 two-headed ogres
  3 ugly things (D:11)
  6 black mambas
  2 elephants (Lair:6)
  Joseph (D:8)
  2 gargoyles
  11 spiny frogs
  A torpor snail (Lair:6)
  6 komodo dragons
  A rime drake (Lair:1)
  A kobold demonologist (D:11)
  A merfolk (Lair:2)
  2 trolls
  Prince Ribbit (D:8)
  A polar bear (Lair:4)
  A hornet (D:11)
  6 hippogriffs
  7 blink frogs
  5 wraiths (D:11)
  3 wyverns (Lair:6)
  29 yaks
  3 steam dragons
  Grum (D:9)
  2 hogs (Lair:2)
  A fire elemental (Volcano)
  A basilisk (Lair:1)
  Edmund (D:5)
  4 hell hounds (Lair:6)
  6 porcupines
  15 water moccasins
  An ice beast (D:8)
  3 orc warriors
  A black bear (Lair:1)
  2 ogres (D:9)
  10 centaurs
  18 wolves
  2 phantoms
  7 crocodiles
  A big kobold (D:8)
  16 bullfrogs
  A water moccasin zombie (D:8)
  8 killer bees
  4 wights (D:9)
  A howler monkey (D:9)
  5 crimson imps
  2 bullfrog zombies
  A quasit (D:8)
  3 jellies
  A bullfrog skeleton (D:9)
  3 orc priests
  2 centaur skeletons
  5 iguanas
  An orc wizard (D:11)
  6 hell rats
  3 worker ants
  3 adders
  An adder skeleton (D:7)
  24 orcs
  A giant cockroach (D:7)
  3 jackals (D:10)
  A quokka (D:10)
  3 fungi
282 creatures vanquished.

Vanquished Creatures (others)
  2 humans (Spider:1)
  A fire vortex (Volcano)
  38 fungi
  54 plants
95 creatures vanquished.

Grand Total: 570 creatures vanquished

Notes
Turn   | Place    | Note
-------+----------+-------------------------------------------
     0 | D:1      | Kriby the Octopode Wizard began the quest for the Orb.
     0 | D:1      | Reached XP level 1. HP: 11/11 MP: 4/4
   514 | D:1      | Reached XP level 2. HP: 17/17 MP: 1/6
  1224 | D:1      | Reached XP level 3. HP: 21/21 MP: 5/7
  2307 | D:2      | Reached XP level 4. HP: 27/27 MP: 6/9
  2449 | D:2      | Learned a level 2 spell: Blink
  3171 | D:3      | Found a radiant altar of Vehumet.
  3181 | D:3      | Became a worshipper of Vehumet
  3375 | D:3      | Reached XP level 5. HP: 31/31 MP: 0/10
  3806 | D:3      | Reached skill level 4 in Spellcasting
  4521 | D:4      | Noticed an ogre
  4530 | D:4      | Killed an ogre
  4530 | D:4      | Reached XP level 6. HP: 36/36 MP: 2/12
  4780 | D:4      | Noticed Grinder
  4789 | D:4      | Paralysed by Grinder for 2 turns
  5233 | D:4      | Reached skill level 5 in Conjurations
  5242 | D:4      | Learned a level 3 spell: Mephitic Cloud
  5245 | D:4      | Learned a level 2 spell: Call Imp
  5249 | D:4      | Learned a level 3 spell: Conjure Flame
  5335 | D:4      | Identified Sif Muna's Collected Works on Harmful Feathers
  5736 | D:5      | Entered Level 5 of the Dungeon
  5742 | D:5      | Reached * piety under Vehumet
  5742 | D:5      | Offered knowledge of Flame Tongue by Vehumet.
  5749 | D:5      | Reached XP level 7. HP: 41/41 MP: 4/13
  5763 | D:5      | Learned a level 4 spell: Summon Lightning Spire
  5910 | D:5      | Noticed Blork the orc
  5923 | D:5      | Killed Blork the orc
  6039 | D:5      | Noticed Menkaure
  6056 | D:5      | Killed Menkaure
  6360 | D:5      | Noticed Edmund
  6384 | D:5      | Killed Edmund
  6384 | D:5      | Reached XP level 8. HP: 26/46 MP: 14/14
  6695 | D:5      | You fall through a shaft for 2 floors!
  6695 | D:7      | Found an iron altar of Okawaru.
  6718 | D:7      | Reached skill level 5 in Air Magic
  7216 | D:7      | Found Jyuh's Book Boutique.
  7286 | D:7      | Reached skill level 5 in Summonings
  7689 | D:8      | Noticed Joseph
  7697 | D:8      | Killed Joseph
  7967 | D:8      | Noticed a two-headed ogre
  7980 | D:8      | Killed a two-headed ogre
  7980 | D:8      | Reached XP level 9. HP: 51/51 MP: 15/15
  8073 | D:8      | Found a stormy altar of Qazlal.
  8149 | D:8      | Reached ** piety under Vehumet
  8179 | D:8      | Offered knowledge of Freeze by Vehumet.
  8203 | D:8      | Found Dazyvul's Assorted Antiques.
  8216 | D:8      | Bought a glowing moonstone ring for 175 gold pieces
  8216 | D:8      | Bought a tapered silver wand for 140 gold pieces
  8238 | D:8      | Noticed Prince Ribbit
  8243 | D:8      | Killed Prince Ribbit
  8245 | D:8      | Noticed Gastronok
  8318 | D:8      | Killed Gastronok
  8318 | D:8      | Reached XP level 10. HP: 47/56 MP: 4/16
  9549 | D:9      | Offered knowledge of Dazzling Spray by Vehumet.
  9622 | D:9      | Noticed a gargoyle
 10617 | D:9      | Reached *** piety under Vehumet
 10703 | D:9      | Killed a gargoyle
 10887 | D:9      | Noticed Grum
 10896 | D:9      | Killed Grum
 11176 | D:9      | Offered knowledge of Iskenderun's Mystic Blast by Vehumet.
 11332 | D:10     | Entered Level 10 of the Dungeon
 11565 | D:10     | Noticed a two-headed ogre
 11572 | D:10     | Killed a two-headed ogre
 11572 | D:10     | Reached skill level 10 in Air Magic
 11708 | D:10     | Noticed a two-headed ogre
 11723 | D:10     | Killed a two-headed ogre
 11736 | D:10     | Reached skill level 10 in Summonings
 12209 | D:11     | Noticed a cyan ugly thing
 12257 | D:11     | Killed a cyan ugly thing
 12257 | D:11     | Reached skill level 1 in Fighting
 12262 | D:11     | Gained mutation: Your spells are a little harder to cast, but a little more powerful. [mutagenic meat]
 12366 | D:11     | Reached **** piety under Vehumet
 12407 | D:11     | Noticed a gargoyle
 12432 | D:11     | Killed a gargoyle
 12500 | D:11     | Noticed a kobold demonologist
 12508 | D:11     | Killed a kobold demonologist
 12508 | D:11     | Reached XP level 11. HP: 64/64 MP: 18/18
 12530 | D:11     | Noticed a four-headed hydra
 12545 | D:11     | Noticed Josephine
 12552 | D:11     | Offered knowledge of Stone Arrow by Vehumet.
 12556 | D:11     | Lost mutation: Your spells are a little harder to cast, but a little more powerful. [potion of mutation]
 12556 | D:11     | Gained mutation: You are weak. (Str -2) [potion of mutation]
 12556 | D:11     | Gained mutation: Your spells are a little easier to cast, but a little less powerful. [potion of mutation]
 12556 | D:11     | Gained mutation: You can translocate small distances at will. [potion of mutation]
 12557 | D:11     | HP: 3/65 [Josephine/ghostly fireball (19)]
 12568 | D:11     | Killed Josephine
 12568 | D:11     | Reached skill level 5 in Spellcasting
 12873 | D:11     | Noticed a seven-headed hydra
 12883 | D:11     | Killed a seven-headed hydra
 13011 | D:11     | Found a staircase to the Orcish Mines.
 13274 | D:11     | Noticed a two-headed ogre
 13291 | D:11     | Killed a two-headed ogre
 13655 | D:11     | Noticed a white ugly thing
 13673 | D:11     | Killed a white ugly thing
 13721 | D:11     | Killed a four-headed hydra
 13721 | D:11     | Reached skill level 5 in Dodging
 13813 | D:11     | Found a staircase to the Lair.
 13893 | D:11     | Noticed a brown ugly thing
 13907 | D:11     | Killed a brown ugly thing
 13941 | D:11     | Upgraded the game from 0.20-a0-1122-gb7cbeb9 to 0.20-a0-1124-g2e29d97
 14006 | Lair:1   | Entered Level 1 of the Lair of Beasts
 14021 | Lair:1   | Reached skill level 5 in Fighting
 14241 | Lair:1   | Noticed a five-headed hydra
 14288 | Lair:1   | Killed a five-headed hydra
 14764 | Lair:1   | Reached ***** piety under Vehumet
 14764 | Lair:1   | Offered knowledge of Fulminant Prism by Vehumet.
 15348 | Lair:2   | Found a hole to the Spider Nest.
 15648 | Lair:2   | Reached skill level 6 in Spellcasting
 15943 | Lair:2   | Noticed a four-headed hydra
 15949 | Lair:2   | Killed a four-headed hydra
 16225 | Lair:2   | Found a staircase to the Shoals.
 16312 | Lair:2   | Noticed an eight-headed hydra
 16356 | Lair:2   | Killed an eight-headed hydra
 16356 | Lair:2   | Reached XP level 12. HP: 80/80 MP: 0/21
 16615 | Lair:2   | Found a blossoming altar of Fedhas.
 17099 | Lair:3   | Noticed an eight-headed hydra
 17126 | Lair:3   | Reached skill level 1 in Shields
 17429 | Lair:3   | Killed an eight-headed hydra
 18514 | Lair:3   | Identified a scroll of acquirement
 18794 | D:7      | Bought a book of Power for 585 gold pieces
 18934 | Lair:4   | Noticed a four-headed hydra
 18943 | Lair:4   | Learned a level 5 spell: Bolt of Magma
 18955 | Lair:4   | Killed a four-headed hydra
 18955 | Lair:4   | Reached skill level 5 in Shields
 18955 | Lair:4   | Reached skill level 7 in Spellcasting
 19561 | Lair:4   | Noticed a catoblepas
 19576 | Lair:4   | Killed a catoblepas
 20192 | Lair:4   | Found an ancient bone altar of Kikubaaqudgha.
 20801 | Lair:5   | Found a dark tunnel.
 20805 | Volcano  | Entered a volcano
 21593 | Lair:5   | Noticed Rupert
 21603 | Lair:5   | Paralysed by Rupert for 6 turns
 21619 | Lair:5   | Killed Rupert
 21660 | Lair:5   | Noticed a six-headed hydra
 21677 | Lair:5   | Upgraded the game from 0.20-a0-1124-g2e29d97 to 0.20-a0-1127-g1289703
 21977 | Lair:5   | Killed a six-headed hydra
 22765 | Lair:5   | Reached skill level 8 in Spellcasting
 22966 | Lair:5   | Noticed a six-headed hydra
 22980 | Lair:5   | Killed a six-headed hydra
 23337 | Lair:5   | Found a runed door.
 23338 | Lair:5   | Found a viscous altar of Jiyva.
 23338 | Lair:5   | Found a staircase to the Slime Pits.
 23630 | Lair:6   | Entered Level 6 of the Lair of Beasts
 23644 | Lair:6   | Reached XP level 13. HP: 74/84 MP: 25/25
 24580 | Lair:6   | Reached skill level 9 in Spellcasting
 25002 | Lair:6   | Upgraded the game from 0.20-a0-1127-g1289703 to 0.21-a0
 25572 | Lair:6   | Reached skill level 10 in Spellcasting
 26172 | Lair:6   | Offered knowledge of Airstrike by Vehumet.
 26225 | Lair:6   | Learned a level 4 spell: Airstrike
 27111 | Lair:6   | Noticed a fire dragon
 27271 | Lair:6   | Found a large runed door.
 27272 | Lair:6   | Found a large runed door.
 27507 | Lair:6   | Reached skill level 11 in Spellcasting
 28202 | Lair:6   | Killed a fire dragon
 28465 | Shoals:1 | Entered Level 1 of the Shoals
 28484 | Shoals:1 | Noticed Frances
 28867 | Spider:1 | Entered Level 1 of the Spider Nest
 28871 | Spider:1 | Noticed Kirke
 29115 | Lair:2   | Learned a level 5 spell: Venom Bolt
 29193 | Spider:1 | Noticed an emperor scorpion
 29403 | Spider:1 | Noticed an emperor scorpion
 30108 | Spider:1 | Killed Kirke
 30212 | Spider:1 | Reached skill level 1 in Poison Magic
 30212 | Spider:1 | Reached XP level 14. HP: 90/90 MP: 29/29
 30472 | Spider:1 | HP: 3/90 [redback (9)]
 30472 | Spider:1 | Slain by a demonic crawler

Vault maps used:
D:1:      dpeg_arrival_tiny_a, roderic_lattice_a
D:2:      kennysheep_big_flooded_room, hangedman_feature_mirror
D:3:      vehumet_crystals
D:4:      uniq_grinder
D:5:      grunt_temple_overflow_open, first_bread, kennysheep_generic_room_11,
          uniq_blork_the_orc, uniq_edmund, uniq_menkaure
D:7:      cheibrodos_steamvent, serial_shops, shop, basic_altar,
          lightli_corner_chamber
D:8:      kennysheep_little_box, serial_shops, nicolae_shop_window_shopping,
          blue_anna_alchemist, uniq_prince_ribbit1, uniq_joseph, uniq_gastronok
D:9:      centaur_isle, uniq_grum
D:10:     lemuel_upstairs_altar, lightli_wizard_tower
D:11:     david_lair_shrubbed, hiddenorc1_lemuel,
          minmay_misc_feat_secret_circle, uniq_josephine
Lair:1:   st_stairs_6, beast_lair_carwin_10, serial_bayou_shore_b,
          grunt_megastairs_4
Lair:2:   cheibrodos_lair_river_kwai, elwin_shoals_entry_rooms,
          spider_nest_entry_rubble, basic_altar, minmay_holes
Lair:3:   grunt_megastairs_2
Lair:4:   basic_altar
Lair:5:   slime_altar_2, nicolae_volcano_entry_s_turn, lookout_lair_type,
          uniq_rupert
Lair:6:   cheibrodos_lair_end_hotspot, minivault_19
Shoals:1: uniq_frances
Spider:1: uniq_kirke
Volcano:  volcano_aerie

Skill      XL: |  1  2  3  4  5  6  7  8  9 10 11 12 13 14 |
---------------+-------------------------------------------+-----
Stealth        | 3 |  3.0
Conjurations   | 2 3 4 5 7 |  7.8
Spellcasting   | 4 6 8 11 | 11.4
Air Magic      | 2 4 6 8 10 | 10.2
Summonings     | 3 6 8 10 | 10.0
Fighting       | 2 6 |  6.5
Dodging        | 3 7 |  7.0
Shields        | 8 9 |  9.0
Poison Magic   | 1 3 |  3.7
Translocations | |  1.0

Action                   |  1- 3 |  4- 6 |  7- 9 | 10-12 | 13-15 || total
-------------------------+-------+-------+-------+-------+-------++-------
Melee: Unarmed           |    13 |       |       |       |       ||    13
       Tentacles         |     5 |     1 |     6 |     5 |     3 ||    20
       Constrict         |     1 |     2 |       |     9 |     6 ||    18
       Mace              |     5 |     3 |    27 |    44 |    26 ||   105
 Cast: Magic Dart        |    70 |   151 |    72 |    87 |     4 ||   384
       Blink             |       |     1 |     1 |    20 |    40 ||    62
       Mephitic Cloud    |       |     2 |     7 |    34 |       ||    43
       Conjure Flame     |       |     1 |       |     7 |     1 ||     9
       Call Imp          |       |       |    27 |   179 |    38 ||   244
       Summon Lightning  |       |       |    21 |   179 |    78 ||   278
       Bolt of Magma     |       |       |       |    72 |   116 ||   188
       Airstrike         |       |       |       |       |    40 ||    40
       Venom Bolt        |       |       |       |       |    48 ||    48
Evoke: Wand              |       |       |       |     3 |     6 ||     9
  Use: Potion            |       |       |     2 |     5 |     9 ||    16
       Scroll            |       |       |     2 |    30 |     7 ||    39
 Stab: Confused          |       |       |     1 |       |       ||     1
  Eat: Chunk             |     9 |    14 |    12 |    76 |    49 ||   160
       Fruit             |       |       |       |     3 |     3 ||     6
       Royal jelly       |       |       |       |     1 |       ||     1
Armor: Skin              |     3 |     1 |     5 |     8 |    13 ||    30
Dodge: Dodged            |    21 |    20 |    43 |    91 |   124 ||   299
Block: Buckler           |       |       |       |     9 |    49 ||    58
